cohdb
Replays
Latest Replays
All Replays
Popular Replays
Top Player Replays
Match Explorer
How It Works
Community
CoH3 Stats
Reddit
Sign in to upload your games and track your stats! →
Sign in with Steam
Match 39011341
Unlisted
Match 39011341
Overview
Messages
Build Orders
End
Selects Armored Battlegroup
Construct Barracks
Scout Squad
Riflemen Squad
Selects Assault Engineers
Assault Engineer Squad
Assault Engineer Squad
Grenade Package
Construct Medical Station
Air Support Center
Construct Weapon Support Center
Bazooka Squad
Construct Motor Pool
M8 Greyhound Armored Car
M1 Mortar Team
Riflemen Squad
Selects Strength in Steel
M1 Anti-tank Gun Team
Selects M8 Scott SPG
M8 Scott SPG
M8 Scott SPG
M1918 Browning Automatic Rifles
Riflemen Squad
只愛❤毛妹
_
0
0
Comments
sign in to comment!
No comments posted yet!